Match 31948702
Unlisted

Match 31948702
End
Kradschützen Motorcycle Team
Selects Battlefield Espionage Battlegroup
Panzergrenadier Squad
250 Light Carrier
Panzergrenadier Squad
Panzerpioneer Squad
Construct Light Support Kompanie
Selects 250/3 Funkpanzerwagen
Selects Intel Disruption Beacon
Fire Support Elements
Flakvierling Half-track
Selects 250/3 Funkpanzerwagen
2.5-tonne Medical Truck
Veteran Squad Leaders
Construct Panzerarmee Kommand
Selects Advanced Ambush Training
Armored Reserves
Selects Plunder
Selects Firestorm
Pak 38 Anti-tank Gun Team
Pak 38 Anti-tank Gun Team
Firestorm
Tiger Heavy Tank
Firestorm
Panzer III L Medium Tank
Tungsten Core Ammunition
Selects Operation Skorpion
Rapid Advance
Firestorm
Vehicle Survival Package
Firestorm
Panzerpioneer Squad
Panzerpioneer Squad
Advanced Field Repairs
Panzer III L Medium Tank
Firestorm
Firestorm
Panzer III L Medium Tank
2.5-tonne Medical Truck
Firestorm
Emergency Repair Kits
tadeosotomayor9
大炮一响黄金万两
dong
프릴e
HIBBLE
[EASY] CLUBs37
Bradders
RhysDevilx
0
0

Comments sign in to comment!

No comments posted yet!